 Dungeon Crawl Stone Soup version 0.23-a0-307-gc3b755d (webtiles) character file.

42 Blomdor the Gusty (level 3, -1/27 HPs)
             Began as a Barachi Air Elementalist on Oct 11, 2018.
             Slain by a worm (8 damage)
             ... on level 2 of the Dungeon.
             The game lasted 00:06:56 (1771 turns).

Blomdor the Gusty (Barachi Air Elementalist)        Turns: 1771, Time: 00:06:57

Health: -1/27      AC:  6    Str: 10    XL:     3   Next: 56%
Magic:  6/6        EV:  9    Int: 15    God:
Gold:   93         SH:  0    Dex: 12    Spells: 5/6 levels left

rFire    . . .     SeeInvis .   e - +0 club
rCold    . . .     Gourm    .   (no shield)
rNeg     . . .     Faith    .   k - +0 scale mail
rPois    .         Spirit   .   (no helmet)
rElec    .         Reflect  .   (no cloak)
rCorr    .         Harm     .   (no gloves)
MR       .....                  (no boots)
Stlth    ..........             (no amulet)
HPRegen  0.09/turn              (no ring)
MPRegen  0.10/turn              (no ring)

@: slow
A: +LOS, swims, slowness 1, strong legs 1
a: Hop


You were on level 2 of the Dungeon.
You were very hungry.

You visited 1 branch of the dungeon, and saw 2 of its levels.

You collected 93 gold pieces.

Inventory:

Hand Weapons
 e - a +0 club (weapon)
Armour
 a - a +0 robe
 f - a +0 plate armour
 k - a +0 scale mail (worn)
Scrolls
 b - a scroll of immolation {unknown}
 d - a scroll of fog {unknown}
 g - a scroll of enchant armour {unknown}
 i - a scroll of remove curse {unknown}
Potions
 h - a potion of haste
Comestibles
 c - 4 rations


   Skills:
 + Level 2.0 Fighting
 * Level 1.3 Maces & Flails
 - Level 2.4 Dodging
 - Level 2.0 Stealth
 - Level 2.3 Spellcasting
 - Level 1.4 Conjurations
 - Level 3.4 Air Magic


You had 5 spell levels left.
You knew the following spells:

 Your Spells              Type           Power        Failure   Level  Hunger
a - Shock                 Conj/Air       #...         50%         1    #......

Your spell library contained the following spells:

 Spells                   Type           Power        Failure   Level  Hunger
 Swiftness                Chrm/Air       #.......     75%         2    ###....
 Static Discharge         Conj/Air       #.......     86%         3    ###....
 Airstrike                Air            ##........   98%         4    #####..
 Lightning Bolt           Conj/Air       #.........   100%        5    ######.


Dungeon Overview and Level Annotations

Branches:
Dungeon (2/15)

Altars:
Yredelemnul


Innate Abilities, Weirdness & Mutations

Shadows flee at your approach. (+LOS)
You can swim through water.
You cover ground slowly.
You can hop short distances.


Message History

You hit the worm.
The worm is severely wounded.
You are ready to hop once more.
The worm barely misses you.
You hit the worm.
The worm is severely wounded.
The worm bites you!
* * * LOW HITPOINT WARNING * * *
You hit the worm.
The worm is severely wounded.
The worm barely misses you.
You hit the worm.
The worm is almost dead.
Your scale mail prevents you from hitting the worm.
The worm is almost dead.
The worm closely misses you.
You barely miss the worm.
The worm is almost dead.
The worm bites you!
You die...

#### ###
..... ..#
.....###.#
.......#.#
.......#.#
...._.....
#.......#
#.......#
#...w@#
.........#
####.#####
#


You could see a worm.

Vanquished Creatures
  2 oozes (D:1)
  2 dart slugs (D:1)
  3 leopard geckos (D:1)
  3 bats (D:1)
  A giant cockroach (D:1)
  2 goblins (D:1)
  4 hobgoblins (D:1)
  2 frilled lizards (D:1)
  4 kobolds (D:1)
  3 rats (D:1)
26 creatures vanquished.

Notes
Turn   | Place    | Note
-------+----------+-------------------------------------------
     0 | D:1      | Blomdor the Barachi Air Elementalist began the quest for
                  | the Orb.
     0 | D:1      | Reached XP level 1. HP: 13/13 MP: 3/3
   161 | D:1      | Reached XP level 2. HP: 5/19 MP: 0/5
   504 | D:1      | Reached skill level 1 in Fighting
   841 | D:1      | Reached XP level 3. HP: 23/27 MP: 6/6
   980 | D:1      | Reached skill level 1 in Maces & Flails
  1756 | D:2      | Found a basalt altar of Yredelemnul.
  1771 | D:2      | Slain by a worm

Vault maps used:
D:1:      erik_arrival_gehennom
D:2:      nicolae_overflow_crystal_walls, kennysheep_jessica_study

Skill      XL: |  1  2  3 |
---------------+----------+-----
Stealth        | 2 |  2.0
Fighting       | 1 2 |  2.0
Maces & Flails | 1 |  1.3
Dodging        | |  2.4
Spellcasting   | |  2.3
Conjurations   | |  1.4
Air Magic      | |  3.4

Action                   || total
-------------------------++-------
Melee: Unarmed           ||    20
       Short sword       ||    18
       Club              ||    73
 Cast: Shock             ||    10
 Abil: Hop               ||     1
  Use: Potion            ||     2
 Stab: Sleeping          ||     3
  Eat: Chunk             ||     2
Armor: Robe              ||    15
Dodge: Dodged            ||    74

Table legend:
 A = Non-vault XP
 B = Vault XP
 C = Vault XP percentage of total XP
 D = Non-vault monster count
 E = Vault monster count
 F = Vault count percentage of total count
                 A         B        C        D         E       F
            +---------+---------+-------+---------+---------+-------
      Total |      44 |      17 |  27.9 |      21 |       5 |  19.2
            +---------+---------+-------+---------+---------+-------
        D:1 |      44 |      17 |  27.9 |      21 |       5 |  19.2
            +---------+---------+-------+---------+---------+-------
